 Dungeon Crawl Stone Soup version 0.26.1-11-gd32895ea62 (webtiles) character file.

Game seed: 1322233826090318878

13467 Almogavar the Cleaver (level 12, -14/106 HPs)
             Began as a Hill Orc Fighter on May 2, 2021.
             Was a High Priest of Okawaru.
             Demolished by a tentacled starspawn (22 damage)
             ... on level 1 of the Abyss.
             The game lasted 00:39:33 (14574 turns).

Almogavar the Cleaver (Hill Orc Fighter)           Turns: 14574, Time: 00:39:35

Health: -14/106    AC: 15    Str: 26      XL:     12   Next: 6%
Magic:  0/10       EV: 13    Int:  7 (8)  God:    Okawaru [*****.]
Gold:   653        SH:  0    Dex: 15 (16) Spells: 11/11 levels left

rFire    . . .     SeeInvis .   a - +1 war axe
rCold    . . .     Faith    .   c - +0 kite shield
rNeg     + . .     Spirit   +   z - +3 ring mail of the Poles {Rampage Str+2}
rPois    .         Reflect  .   o - +0 helmet
rElec    .         Harm     .   Y - +0 cloak (curse)
rCorr    .         Rampage  +   (no gloves)
Will     .....                  V - +2 pair of boots {Fly}
Stlth    ..........             y - amulet of guardian spirit
HPRegen  0.27/turn              R - ring of positive energy
MPRegen  0.12/turn              E - +6 ring of dexterity

@: confused, flying
A: [low mp 2]
a: Stop Flying, Renounce Religion, Heroism, Finesse


You were on level 1 of the Abyss.
You worshipped Okawaru.
Okawaru was extremely pleased with you.
You visited 2 branches of the dungeon, and saw 12 of its levels.
You visited the Abyss 1 time.
You also visited: Ossuary and Bailey.

You collected 653 gold pieces.

Inventory:

Hand Weapons
 a - a +1 war axe (weapon)
 v - the +4 mace "Gausizoa" {protect, rPois rC- Dex-5 SInv}
   (You found it on level 4 of the Dungeon)

   It grants its wielder temporary protection when it strikes (+7 to AC).
   It affects your dexterity (-5).
   It makes you vulnerable to cold.
   It protects you from poison.
   It lets you see invisible.
 S - a +0 morningstar of protection
Missiles
 i - 39 poisoned darts
 F - 61 boomerangs (quivered)
 J - a boomerang of dispersal
 M - 7 javelins
 O - 3 atropa-tipped darts
Armour
 c - a +0 kite shield (worn)
 o - a +0 helmet (worn)
 r - a +2 helmet
 z - the +3 ring mail of the Poles (worn) {Rampage Str+2}
   (You found it on level 5 of the Dungeon)

   It affects your strength (+2).
   It bestows one free step when moving towards enemies.
 I - a +0 chain mail
 U - a +0 plate armour
 V - a +2 pair of boots of flying (worn)
 Y - a cursed +0 cloak (worn)
Jewellery
 y - an amulet of guardian spirit (around neck)
 A - an uncursed ring of protection from fire
 E - a +6 ring of dexterity (right hand)
 G - an uncursed ring of see invisible
 P - an uncursed ring of willpower
 R - a ring of positive energy (left hand)
Wands
 b - a wand of polymorph (18)
 D - a wand of enslavement (3)
 H - a wand of iceblast (8)
 L - a wand of flame (20)
 N - a wand of acid (7)
 X - a wand of disintegration (17)
Scrolls
 f - 3 scrolls of fog
 k - 2 scrolls of amnesia
 m - 8 scrolls of blinking
 n - 5 scrolls of remove curse
 p - a scroll of acquirement {unknown}
 q - a scroll of immolation {unknown}
 t - 3 scrolls of enchant armour {unknown}
 C - 9 scrolls of teleportation
 Q - 2 scrolls of enchant weapon
 Z - 2 scrolls of fear {unknown}
Potions
 d - 7 potions of might
 e - a potion of berserk rage
 g - a potion of resistance
 h - 5 potions of curing
 j - a potion of haste
 l - 4 potions of heal wounds
 s - a potion of ambrosia {unknown}
 u - 2 potions of invisibility
 w - 4 potions of brilliance {unknown}
 x - a potion of attraction {unknown}
 B - 6 potions of flight {unknown}
 K - a potion of mutation {unknown}
 W - a potion of experience {unknown}
Miscellaneous
 T - a box of beasts


   Skills:
 + Level 9.9 Fighting
 + Level 14.3 Axes
 + Level 3.9 Throwing
 - Level 7.6 Armour
 + Level 5.0 Dodging
 - Level 0.7 Stealth
 + Level 10.1 Shields
 + Level 2.0 Invocations


You had 11 spell levels left.
You didn't know any spells.
Your spell library contained the following spells:

 Spells                   Type           Power        Failure   Level
 Corona                   Hex            0%           77%         1
 Ensorcelled Hibernation  Hex/Ice        0%           88%         2
 Confusing Touch          Hex            0%           98%         3
 Dazzling Flash           Conj/Hex       0%           98%         3
 Tukima's Dance           Hex            0%           98%         3


Dungeon Overview and Level Annotations

Branches:
Dungeon (11/15)            Temple (1/1) D:5         Ossuary (visited)
 Bailey (visited)
   Lair: D:8-11         Orc: D:9-12

Altars:
Ashenzari
Cheibriados
Dithmenos
Elyvilon
Fedhas
Gozag
Hepliaklqana
Kikubaaqudgha
Makhleb
Nemelex Xobeh
Okawaru
Qazlal
Ru
Sif Muna
Trog
Uskayaw
Vehumet
Wu Jian
Xom
Yredelemnul
Zin
The Shining One

Annotations:
D:11 Sonja


Innate Abilities, Weirdness & Mutations

[Your magical capacity is very low. (-20% MP)]


Message History

You slam into the stone wall!
The tentacled starspawn bites you!
The tentacled starspawn barely misses you.
The golden eye blinks at you. You resist with almost no effort.
The quasit misses you.
The quasit claws you but does no damage.
The quasit closely misses you.
The golden eye blinks!
You bump into the metal wall.
The golden eye blinks at you. You resist with some effort.
The wretched star glows turbulently.
The lance of force hits you!!
* * * LOW HITPOINT WARNING * * *
You are knocked back by the lance of force.
You slam into the stone wall!
* * * LOW HITPOINT WARNING * * *
The golden eye blinks at you.
You easily resist.
The quasit closely misses you. The quasit completely misses you.
The quasit closely misses you. The tentacled starspawn bites you!!
You die...

#. .. # ....
## # #. . .#
.....
..###.#
.....# .G.#.
.... .#
#G###... ...
.###@#
#5#..#
#...*X5#
5..#
#...#wGw#.─.
# .
#..##.#.#§#
.# # . # ..
#...##§# ...
. #
#.#.#..####
#.. . ....#
# .─! Λ# ..
.. ..#.#
##.# . ..#
.... ...#
.... ##. . .


You could see a tentacled starspawn, a wretched star, 2 starspawn tentacles, a
quasit and 3 golden eyes.

Vanquished Creatures
  An orc warlord (Bailey)
  A two-headed ogre (D:9)
  A flayed ghost (D:9)
  Pikel (D:4)
  An orc knight (Bailey)
  Joseph (D:9)
  A troll (D:9)
  A hornet (D:8)
  2 shadows (D:9)
  2 wyverns
  3 wraiths (D:9)
  13 fire bats (D:9)
  4 yaks (D:9)
  Grum (D:8)
  A golden eye (Abyss:1)
  3 water moccasins
  Duvessa (D:4)
  2 orc warriors
  4 ice beasts
  2 black bears
  2 phantoms
  A sky beast (D:9)
  5 ogres
  3 centaurs
  4 wolves (D:8)
  3 big kobolds
  5 bullfrogs
  2 water moccasin zombies (Ossuary)
  4 scorpions
  Dowan (D:4)
  9 killer bees
  5 electric eels (D:10)
  4 howler monkeys
  A centaur zombie (D:10)
  2 quasits (D:7)
  A bullfrog zombie (D:6)
  5 hounds
  A gnoll shaman (D:3)
  2 orc priests
  4 centaur skeletons
  A jelly (D:10)
  9 orc wizards
  3 iguanas
  10 worker ants
  A killer bee zombie (D:6)
  5 big kobold zombies (Ossuary)
  2 mummies (Ossuary)
  A hound zombie (D:8)
  A hound skeleton (D:7)
  A worker ant zombie (D:9)
  Robin (D:3)
  13 adders
  6 gnolls
  4 shadow imps
  4 white imps
  3 ufetubi
  3 oozes
  5 adder zombies (Ossuary)
  An adder skeleton (D:5)
  3 worms
  7 leopard geckos
  23 orcs
  3 ball pythons
  61 bats
  3 giant cockroaches
  27 goblins
  9 hobgoblins
  11 jackals
  5 quokkas
  2 frilled lizards
  2 gnoll zombies (Ossuary)
  3 hobgoblin zombies (Ossuary)
  32 kobolds
  9 kobold zombies (Ossuary)
  6 orc zombies (Ossuary)
  A quokka skeleton (D:7)
  A quokka zombie (D:7)
  10 rats
  A rat zombie (D:7)
  A starspawn tentacle (Abyss:1)
404 creatures vanquished.

Vanquished Creatures (others)
  An adder (D:10)
  A kobold (D:10)
  12 starspawn tentacles (Abyss:1)
14 creatures vanquished.

Grand Total: 418 creatures vanquished

Notes
Turn   | Place    | Note
-------+----------+-------------------------------------------
     0 | D:1      | Almogavar the Hill Orc Fighter began the quest for the Orb.
     0 | D:1      | Reached XP level 1. HP: 19/19 MP: 1/1
   128 | D:1      | Reached XP level 2. HP: 27/27 MP: 2/2
   159 | D:1      | Reached skill level 3 in Axes
   263 | D:1      | Reached XP level 3. HP: 33/33 MP: 3/3
   866 | D:2      | Found a burning altar of Makhleb.
  1144 | D:2      | Reached XP level 4. HP: 40/40 MP: 4/4
  1509 | D:2      | Reached skill level 4 in Axes
  1895 | D:3      | Noticed Robin
  1917 | D:3      | Killed Robin
  1918 | D:3      | Reached XP level 5. HP: 21/46 MP: 5/5
  2182 | D:3      | Reached skill level 1 in Dodging
  3139 | D:4      | Reached skill level 5 in Axes
  3139 | D:4      | Reached XP level 6. HP: 54/55 MP: 6/6
  3204 | D:4      | Found a shadowy altar of Dithmenos.
  3302 | D:4      | Got an encrusted mace
  3303 | D:4      | Identified the +4 mace "Gausizoa" {protect, rPois rC- Dex-5
                  | SInv} (You found it on level 4 of the Dungeon)
  3391 | D:4      | Noticed Pikel
  3427 | D:4      | Killed Pikel
  3428 | D:4      | Reached skill level 5 in Fighting
  3428 | D:4      | Reached skill level 6 in Axes
  3428 | D:4      | Reached skill level 1 in Throwing
  3428 | D:4      | Reached skill level 5 in Shields
  3428 | D:4      | Reached XP level 7. HP: 17/61 MP: 7/7
  3656 | D:4      | Noticed Dowan
  3657 | D:4      | Noticed Duvessa
  3671 | D:4      | Killed Dowan
  3688 | D:4      | Killed Duvessa
  3689 | D:4      | Reached skill level 7 in Axes
  3689 | D:4      | Reached skill level 5 in Armour
  3689 | D:4      | Reached XP level 8. HP: 16/69 MP: 8/8
  3974 | D:4      | Found a hide-covered altar of Uskayaw.
  3974 | D:4      | Found a basalt altar of Yredelemnul.
  4609 | D:5      | Entered Level 5 of the Dungeon
  4999 | D:5      | Got a masterwork ring mail
  5010 | D:5      | Identified the +3 ring mail of the Poles {Rampage Str+2}
                  | (You found it on level 5 of the Dungeon)
  5342 | D:5      | Found a stormy altar of Qazlal.
  5413 | D:5      | Found a staircase to the Ecumenical Temple.
  5423 | Temple   | Entered the Ecumenical Temple
  5689 | Temple   | Became a worshipper of Warmaster Okawaru
  5989 | D:6      | Reached skill level 8 in Axes
  6590 | D:7      | Reached XP level 9. HP: 70/75 MP: 6/9
  6887 | D:7      | Found a sand-covered staircase.
  6895 | Ossuary  | Entered an ossuary
  6922 | Ossuary  | Reached * piety under Okawaru
  6923 | Ossuary  | Reached skill level 9 in Axes
  7185 | D:7      | Found a glowing silver altar of Zin.
  7255 | D:7      | Reached skill level 10 in Axes
  7981 | D:7      | Reached ** piety under Okawaru
  8842 | D:8      | Found a sparkling altar of Nemelex Xobeh.
  9016 | D:8      | Reached XP level 10. HP: 86/86 MP: 10/10
  9255 | D:8      | Noticed Grum
  9272 | D:8      | Killed Grum
  9273 | D:8      | Reached skill level 11 in Axes
  9376 | D:8      | Reached *** piety under Okawaru
  9533 | D:8      | Found an opulent altar of Gozag.
  9943 | D:9      | Noticed a two-headed ogre
  9956 | D:9      | Killed a two-headed ogre
 10180 | D:9      | Noticed Joseph
 10218 | D:9      | Killed Joseph
 10218 | D:9      | Reached **** piety under Okawaru
 10219 | D:9      | Reached skill level 12 in Axes
 10470 | D:9      | Found a radiant altar of Vehumet.
 10517 | D:9      | Found a runed translucent door.
 10522 | D:9      | Found an ornate altar of the Wu Jian Council.
 10640 | D:9      | Found a basalt altar of Yredelemnul.
 10709 | D:9      | Found a hazy altar of Hepliaklqana.
 10720 | D:9      | Received a gift from Okawaru
 10726 | D:9      | Reached XP level 11. HP: 95/95 MP: 11/11
 10805 | D:9      | Found a glowing golden altar of the Shining One.
 10966 | D:9      | Received a gift from Okawaru
 11097 | D:9      | Found a shimmering blue altar of Sif Muna.
 11220 | D:9      | Found a broken altar of Ashenzari.
 11248 | D:9      | Reached skill level 13 in Axes
 11327 | D:9      | Reached ***** piety under Okawaru
 11947 | D:9      | Noticed a flayed ghost
 11960 | D:9      | Killed a flayed ghost
 12141 | D:10     | Entered Level 10 of the Dungeon
 12206 | D:10     | Found a flagged portal.
 12256 | Bailey   | Entered a bailey
 12481 | Bailey   | Noticed an orc warlord
 12531 | Bailey   | Noticed an orc knight
 12548 | Bailey   | Killed an orc knight
 12623 | Bailey   | Found a runed translucent gate.
 12623 | Bailey   | Found a runed translucent gate.
 12623 | Bailey   | Found a runed translucent gate.
 12837 | Bailey   | Reached skill level 1 in Invocations
 12863 | Bailey   | Killed an orc warlord
 12863 | Bailey   | Received a gift from Okawaru
 12864 | Bailey   | Reached skill level 14 in Axes
 12864 | Bailey   | Reached skill level 10 in Shields
 13397 | D:10     | Reached XP level 12. HP: 99/106 MP: 13/13
 13972 | D:10     | Reached skill level 5 in Dodging
 14326 | D:11     | Noticed Sonja
 14334 | D:11     | Cast into level 1 of the Abyss (Sonja)
 14509 | Abyss:1  | Noticed a wretched star
 14515 | Abyss:1  | Noticed a tentacled starspawn
 14565 | Abyss:1  | Noticed a wretched star
 14574 | Abyss:1  | Demolished by a tentacled starspawn

Illustrated notes

Levels and vault maps discovered:
D:1:      heliophobic_arrival_enchanted_forest, layout_basic
D:2:      layout_basic, general_overflow_altar
D:3:      layout_basic, uniq_robin
D:4:      layout_basic, chequers_temple_overflow_statue_of_worship,
          grunt_dithmenos_smoke_and_mirrors, uniq_pikel, uniq_duvessa
D:5:      layout_basic, kennysheep_mini_moat, temple_hall
D:6:      layout_loops_ring, hangedman_decor_points, minmay_fractal_squares_5
D:7:      layout_loops_corners, enter_ossuary_4, basic_altar, minmay_liquid_box
D:8:      layout_basic, nemelex_altar_shiori, grunt_gozag_breadcrumbs, uniq_grum
D:9:      due_megacathedral, layout_stronghold, vehumet_altar_wand_db,
          uniq_joseph
D:10:     layout_basic, enter_bailey_5, hangedman_abyss_or_decor_clamps
D:11:     minmay_the_grid_four_pointed_star_mashed
          [minmay_the_grid_triangle_9x9_corrupted_corridor,
          minmay_the_grid_triangle_9x9_stretched_checkered,
          minmay_the_grid_triangle_9x9_subtriangle,
          minmay_the_grid_triangle_9x9_pentomino_pain,
          minmay_the_grid_prize_trominoes], layout_loops_corners,
          uniq_josephine, uniq_fannar, uniq_sonja
Temple:   regret_index_temple_generic_petals
Abyss:1:  base:
D:8

Skill      XL: |  1  2  3  4  5  6  7  8  9 10 11 12 |
---------------+-------------------------------------+-----
Axes           | 3 4 5 6 7 8 10 12 14 | 14.3
Fighting       | 4 5 6 7 8 9 |  9.9
Shields        | 4 5 7 8 10 | 10.1
Dodging        | 1 2 3 4 5 |  5.0
Armour         | 4 5 6 7 |  7.6
Throwing       | 1 2 3 |  3.9
Invocations    | 1 2 |  2.0
Stealth        | |  0.7

Action                   |  1- 3 |  4- 6 |  7- 9 | 10-12 || total
-------------------------+-------+-------+-------+-------++-------
Melee: War axe           |   109 |   160 |   571 |   627 ||  1467
Throw: Dart              |       |    11 |    18 |    37 ||    66
       Boomerang         |       |       |       |    20 ||    20
Invok: Heroism           |       |       |     1 |     4 ||     5
       Finesse           |       |       |       |     2 ||     2
  Use: Scroll            |     6 |     2 |     7 |     3 ||    18
 Stab: Sleeping          |       |       |       |     1 ||     1
Armor: Scale mail        |    51 |    81 |    49 |       ||   181
       Ring mail         |       |       |   203 |   186 ||   389
Dodge: Dodged            |    35 |    58 |   268 |   268 ||   629
Block: Kite shield       |    55 |   105 |   340 |   386 ||   886
